 Dungeon Crawl Stone Soup version 0.30.1-9-gdf580d7c3d (webtiles) character file.

Game seed: 9444025473622984553

4608 HappyNice the Carver (level 10, -7/88 HPs)
             Began as a Minotaur Berserker on Oct 2, 2023.
             Was a Priest of Trog.
             Mangled by a skeletal warrior
             ... wielding a +0 war axe
              (25 damage)
             ... on level 8 of the Dungeon.
             The game lasted 00:23:20 (8398 turns).

HappyNice the Carver (Minotaur Berserker)           Turns: 8398, Time: 00:23:21

Health: -7/88      AC: 19    Str: 27    XL:     10   Next: 19%
Magic:  9/9        EV: 13    Int:  4    God:    Trog [***...]
Gold:   451        SH:  0    Dex:  9    Spells: 9/9 levels left

rFire   . . .        G - +3 great sword (freeze)
rCold   . . .        (shield currently unavailable)
rNeg    . . .        i - +5 ring mail
rPois   .            (helmet restricted)
rElec   .            k - +0 cloak
rCorr   +            l - +0 pair of gloves
SInv    .            n - +0 pair of boots
Will    .....        f - amulet of regeneration
Stlth   +            u - ring of resist corrosion
HPRegen 1.14/turn    y - +4 ring of protection
MPRegen 0.11/turn

%: no passive effects
@: no status effects
A: horns 2, retaliatory headbutt
a: Renounce Religion, Berserk, Trog's Hand


You were on level 8 of the Dungeon.
You worshipped Trog.
Trog was most pleased with you.
You visited 1 branch of the dungeon, and saw 8 of its levels.

You collected 451 gold pieces.

Inventory:

Hand Weapons
 c - a +4 hand axe of freezing
 B - a +0 heavy flail
 E - a +2 flail of holy wrath
 G - a +3 great sword of freezing (weapon)
 H - a +1 halberd
 I - a +2 war axe
 J - a +2 spear of freezing
Missiles
 L - 2 throwing nets (quivered)
Armour
 i - a +5 ring mail (worn)
 k - a +0 cloak (worn)
 l - a +0 pair of gloves (worn)
 m - a +1 ring mail of willpower
 n - a +0 pair of boots (worn)
 x - a +3 ring mail
 F - a +0 plate armour
Magical Staves
 C - a staff of fire
Jewellery
 f - an amulet of regeneration (around neck)
 u - a ring of resist corrosion (left hand)
 y - a +4 ring of protection (right hand)
 K - a ring of see invisible
Wands
 a - a wand of iceblast (6)
Scrolls
 e - 2 scrolls of amnesia
 h - a scroll of blinking
 s - 7 scrolls of identify
 t - a scroll of noise
 v - a scroll of teleportation
Potions
 b - a potion of magic {unknown}
 d - 3 potions of heal wounds {unknown}
 g - 3 potions of berserk rage {unknown}
 j - 2 potions of brilliance {unknown}
 o - 5 potions of curing {unknown}
 p - 2 potions of attraction {unknown}
 q - a potion of degeneration {unknown}
 r - a potion of cancellation {unknown}
 z - a potion of lignification {unknown}
 A - a potion of haste {unknown}
 D - a potion of might {unknown}
 N - a potion of mutation {unknown}
Miscellaneous
 w - a piece from Xom's chessboard (15/15)


   Skills:
 + Level 7.8 Fighting
 + Level 11.8 Long Blades
 + Level 0.8 Maces & Flails
 + Level 8.1 Armour
 + Level 7.7 Dodging
 + Level 2.6 Stealth
 + Level 1.0 Evocations


You had 9 spell levels left.
You didn't know any spells.
Your spell library contained the following spells:

 Spells                   Type           Power      Damage    Failure   Level
 Apportation              Tloc           0%         N/A       63%         1
 Slow                     Hex            0%         N/A       63%         1
 Sting                    Tmut/Pois      0%         1d3       63%         1
 Lesser Beckoning         Tloc           0%         N/A       77%         2
 Poisonous Vapours        Pois/Air       0%         N/A       77%         2
 Confusing Touch          Hex            0%         N/A       94%         3
 Gell's Gravitas          Tloc           0%         N/A       94%         3
 Ozocubu's Armour         Ice            0%         N/A       94%         3
 Teleport Other           Tloc           0%         N/A       94%         3
 Vampiric Draining        Necr           0%         2d6       94%         3
 Olgreb's Toxic Radiance  Pois           0%         N/A       100%        4
 Alistair's Intoxication  Tmut/Pois      0%         N/A       100%        5
 Ozocubu's Refrigeration  Ice            0%         4d7       100%        7


Dungeon Overview and Level Annotations

Branches:
Dungeon (8/15)             Temple (0/1) D:4
   Lair: D:8-11

Altars:
Elyvilon

Shops:
D:2 (


Innate Abilities, Weirdness & Mutations

You have a pair of horns on your head.
You reflexively headbutt those who attack you in melee.


Message History

The gargoyle is almost destroyed.
The gargoyle hits you with a +0 mace.
You barely miss the gargoyle. Your headbutt misses the gargoyle.
The gargoyle is almost destroyed.
The gargoyle hurls a stone arrow at you.
The stone arrow hits you but does no damage.
You barely miss the gargoyle.
The gargoyle is almost destroyed.
The gargoyle barely misses you.
You hit the gargoyle. You freeze the gargoyle.
You destroy the gargoyle!
Trog accepts your kill.
The skeletal warrior hits you but does no damage.
You slash the skeletal warrior!
The skeletal warrior is moderately damaged.
The skeletal warrior barely misses you.
You hit the skeletal warrior but do no damage.
The skeletal warrior is moderately damaged.
The skeletal warrior hits you with a +0 war axe.
You hit the skeletal warrior but do no damage.
The skeletal warrior is moderately damaged.
The skeletal warrior hits you with a +0 war axe!!
* * * LOW HITPOINT WARNING * * *
You hit the skeletal warrior but do no damage.
The skeletal warrior is moderately damaged.
The skeletal warrior hits you but does no damage.
You hit the skeletal warrior but do no damage.
The skeletal warrior is moderately damaged.
The skeletal warrior hits you with a +0 war axe!
* * * LOW HITPOINT WARNING * * *
You closely miss the skeletal warrior.
Your headbutt misses the skeletal warrior.
The skeletal warrior is moderately damaged.
The skeletal warrior hits you with a +0 war axe.
* * * LOW HITPOINT WARNING * * *
You barely miss the skeletal warrior.
You headbutt the skeletal warrior, but do no damage.
The skeletal warrior is lightly damaged.
The skeletal warrior hits you with a +0 war axe!!
You die...

#..... # . ##.... .##
#..... .. .... # #
##...## ..# # #!).#.#
#...## #[?.#.# . #...
#..z#.#+ ..... #.
####@..###.........##
#....#....# .......
#(.###...#### .....##
## +#.#'..# ...###.
#.#.([# .###.[.
#.#...# ###...#. #
####...#####.......
#.#....#..##....>....
#..##..#..#..#####...


You could see a skeletal warrior.

Vanquished Creatures
  A gargoyle (D:8)
  Sigmund (D:5)
  2 slime creatures (D:8)
  A shadow (D:8)
  2 wyverns (D:7)
  Menkaure (D:4)
  4 water moccasins
  3 orc warriors
  A sky beast (D:6)
  5 ice beasts
  A black bear (D:6)
  3 ogres
  A centaur (D:6)
  A bullfrog (D:8)
  3 scorpions
  5 wights (D:7)
  3 killer bees (D:7)
  2 hounds
  4 orc priests
  A gnoll bouda (D:7)
  4 jellies
  3 sleepcaps
  Terence (D:2)
  2 iguanas
  6 orc wizards
  5 gnolls (D:7)
  5 adders
  3 shadow imps
  5 white imps (D:7)
  2 ufetubi
  A worm (D:2)
  31 orcs
  4 endoplasms
  A giant cockroach (D:3)
  5 goblins
  5 hobgoblins
  8 jackals
  7 quokkas
  4 ball pythons
  2 bats
  2 frilled lizards
  7 kobolds
  5 rats
163 creatures vanquished.

Notes
Turn   | Place    | Note
-------+----------+-------------------------------------------
     0 | D:1      | HappyNice the Minotaur Berserker began the quest for the
                  | Orb.
     0 | D:1      | Reached XP level 1. HP: 19/19 MP: 0/0
   180 | D:1      | Reached XP level 2. HP: 27/27 MP: 1/1
   494 | D:1      | Reached skill level 4 in Long Blades
  1146 | D:2      | Reached ** piety under Trog
  1147 | D:2      | Reached XP level 3. HP: 29/33 MP: 2/2
  1330 | D:2      | Noticed Terence
  1350 | D:2      | Killed Terence
  1669 | D:2      | Reached XP level 4. HP: 41/41 MP: 3/3
  1678 | D:2      | Found Pakigy's Antique Weapon Emporium.
  2594 | D:3      | HP: 2/41 [orc priest/divine providence (14)]
  2598 | D:3      | Reached skill level 1 in Stealth
  2932 | D:3      | Reached skill level 5 in Long Blades
  2939 | D:3      | Reached XP level 5. HP: 46/47 MP: 4/4
  3273 | D:4      | Found a staircase to the Ecumenical Temple.
  3300 | D:4      | Noticed Menkaure
  3316 | D:4      | Killed Menkaure
  3491 | D:4      | Reached XP level 6. HP: 53/53 MP: 5/5
  3769 | D:4      | Noticed a water moccasin
  3778 | D:4      | Killed a water moccasin
  3779 | D:4      | Reached skill level 6 in Long Blades
  4150 | D:5      | Entered Level 5 of the Dungeon
  4150 | D:5      | Noticed Sigmund
  4156 | D:5      | Killed Sigmund
  4157 | D:5      | Reached skill level 5 in Armour
  4157 | D:5      | Reached XP level 7. HP: 60/60 MP: 6/6
  4318 | D:5      | Reached skill level 7 in Long Blades
  4397 | D:5      | Reached skill level 5 in Fighting
  4950 | D:5      | Reached XP level 8. HP: 64/68 MP: 7/7
  5101 | D:5      | Reached skill level 8 in Long Blades
  5101 | D:5      | Reached skill level 5 in Dodging
  5765 | D:6      | Reached *** piety under Trog
  5816 | D:6      | Reached skill level 9 in Long Blades
  6373 | D:6      | Reached XP level 9. HP: 75/75 MP: 8/8
  6407 | D:6      | Reached skill level 1 in Evocations
  6452 | D:6      | Reached skill level 10 in Long Blades
  7954 | D:7      | Found a white marble altar of Elyvilon.
  8039 | D:7      | Reached skill level 11 in Long Blades
  8344 | D:8      | Reached XP level 10. HP: 83/86 MP: 9/9
  8383 | D:8      | Noticed a skeletal warrior
  8383 | D:8      | Noticed a gargoyle
  8391 | D:8      | Killed a gargoyle
  8398 | D:8      | Mangled by a skeletal warrior

Illustrated notes

Levels and vault maps discovered:
D:1:      erik_arrival_cave_to_civilisation [erik_arrival_cave_to_hall],
          layout_basic, nrook_loot_triangle, nrook_mini_vaults,
          nicolae_figureground_pulse
D:2:      layout_loops_ring, serial_shops, shop, uniq_terence
D:3:      layout_loops_corners, hangedman_glass_teeth,
          chequers_hall_statues_wall_a
D:4:      layout_cave_pods, minmay_temple_entry_junction, uniq_menkaure
D:5:      layout_layer_cave, minmay_misc_feat_cross, st_stairs_8,
          kennysheep_decorative_pillar, hellmonk_bongcloud_opening, uniq_sigmund
D:6:      layout_loops_cross, minivault_19, corexii_corridor_pit,
          grunt_decor_junction, grunt_decor_one_mirror, nrook_campfire,
          minmay_joined_circles
D:7:      layout_rooms, elyvilon_altar_3, minivault_26, minmay_splitting_lines,
          serial_bayou_crossing
D:8:      minmay_the_grid_four_pointed_star [minmay_the_grid_triangle_9x9_empty,
          minmay_the_grid_triangle_9x9_empty,
          minmay_the_grid_triangle_9x9_semitri,
          minmay_the_grid_triangle_9x9_swiss_cheese,
          minmay_the_grid_prize_four_corners], layout_basic,
          nicolae_benzene_ring, minivault_21, nicolae_shop_vocational,
          uniq_maggie

Skill      XL: |  1  2  3  4  5  6  7  8  9 |
---------------+----------------------------+-----
Long Blades    | 4 5 6 7 9 11 | 11.8
Fighting       | 4 5 6 7 |  7.8
Dodging        | 3 4 6 7 |  7.7
Armour         | 3 4 5 6 8 |  8.1
Stealth        | 1 2 |  2.6
Evocations     | 1 |  1.0
Maces & Flails | |  0.8

Action                     |  1- 3 |  4- 6 |  7- 9 | 10-12 || total
---------------------------+-------+-------+-------+-------++-------
  Melee: Falchion          |    62 |    95 |   224 |       ||   381
         Headbutt          |    14 |    14 |    60 |     4 ||    92
         Punch             |       |       |     2 |       ||     2
         Great sword       |       |       |    74 |    21 ||    95
         Flail             |       |       |    15 |       ||    15
 Invoke: Berserk           |     1 |     3 |     7 |       ||    11
         Trog's Hand       |       |       |     2 |       ||     2
  Evoke: Piece from Xom's  |       |       |     4 |       ||     4
    Use: Scroll            |       |     6 |     6 |     1 ||    13
   Stab: Sleeping          |       |       |       |     1 ||     1
 Armour: Animal skin       |    15 |       |       |       ||    15
         Ring mail         |    21 |    65 |   264 |     7 ||   357
  Dodge: Dodged            |    84 |    80 |   258 |     6 ||   428
